[Event "Commonwealth Open 2019"]
[Site "Delhi"]
[Date "2019.07.02"]
[Round "4.2"]
[White "Thejkumar, M. S."]
[Black "Debashis, Das"]
[Result "0-1"]
[ECO "E15"]
[WhiteElo "2458"]
[BlackElo "2544"]
[Annotator "ChessBase"]
[PlyCount "100"]
[EventDate "2019.06.30"]
[EventType "swiss"]
[EventCountry "IND"]
[SourceTitle "playchess.com"]
[Source "ChessBase"]
[SourceQuality "1"]
[TimeControl "5400+30"]

1. d4 Nf6 2. c4 e6 3. Nf3 b6 4. g3 Ba6 5. b3 Bb4+ 6. Bd2 Be7 7. Nc3 d5 8. Ne5 O-O 9. Bg2 c6 10. O-O Nfd7 11. Nd3 dxc4 12. bxc4 Bxc4 13. Bf4 a5 14. Rc1 Ra7 15. Qd2 b5 16. Rfd1 b4 17. Na4 Bb5 18. Qc2 Bg5 19. Ne5 Bxf4 20. gxf4 Nf6 21. Nc5 Nd5 22. e3 Na6 23. a4 bxa3 24. Qb3 Nxc5 25. Rxc5 a4 26. Qxa3 Ra6 27. Ra1 Ne7 28. Rcc1 g6 29. Qc5 Kg7 30. Ra3 Re8 31. Nc4 Nf5 32. Ne5 Qh4 33. Qc3 f6 34. Nd7 Ra7 35. Nc5 Qh5 36. e4 Nh4 37. Qh3 Rae7 38. Rg3 Kh8 39. Bf1 h6 40. Bg2 g5 41. fxg5 hxg5 42. f4 gxf4 43. Rg4 Rh7 44. Nd7 Qf7 45. Rxh4 Qxd7 46. Rxh7+ Qxh7 47. Qg4 Qh6 48. Rc5 Rg8 49. Qf3 Rg5 50. Rc2 Qh5 0-1

[Event "Commonwealth Open 2019"]
[Site "Delhi"]
[Date "2019.07.02"]
[Round "4.3"]
[White "Erigaisi, Arjun"]
[Black "Shyaamnikhil, P."]
[Result "1/2-1/2"]
[ECO "E04"]
[WhiteElo "2526"]
[BlackElo "2434"]
[Annotator "ChessBase"]
[PlyCount "53"]
[EventDate "2019.06.30"]
[EventType "swiss"]
[EventCountry "IND"]
[SourceTitle "playchess.com"]
[Source "ChessBase"]
[SourceQuality "1"]
[TimeControl "5400+30"]

1. d4 Nf6 2. c4 e6 3. g3 d5 4. Bg2 dxc4 5. Nf3 c5 6. O-O Nc6 7. Qa4 Bd7 8. Qxc4 cxd4 9. Nxd4 Rc8 10. Nc3 Na5 11. Qd3 Qb6 12. Bg5 Nc4 13. Bxf6 gxf6 14. Nb3 Nxb2 15. Qf3 f5 16. Rab1 Bg7 17. Rxb2 Rxc3 18. Qf4 Qc7 19. Qd2 O-O 20. Nc5 Qxc5 21. Qxd7 Rc2 22. Rxb7 Rxa2 23. Bf3 Qd4 24. Rd1 Ra1 25. Qxd4 Bxd4 26. Rxa1 Bxa1 27. Rxa7 1/2-1/2

[Event "Commonwealth Open 2019"]
[Site "Delhi"]
[Date "2019.07.02"]
[Round "4.4"]
[White "Tania, Sachdev"]
[Black "Swapnil, S. Dhopade"]
[Result "1/2-1/2"]
[ECO "A57"]
[WhiteElo "2401"]
[BlackElo "2488"]
[Annotator "ChessBase"]
[PlyCount "60"]
[EventDate "2019.06.30"]
[EventType "swiss"]
[EventCountry "IND"]
[SourceTitle "playchess.com"]
[Source "ChessBase"]
[SourceQuality "1"]
[TimeControl "5400+30"]

1. d4 Nf6 2. c4 c5 3. d5 b5 4. cxb5 a6 5. e3 g6 6. Nc3 Bg7 7. e4 O-O 8. e5 Bb7 9. f4 Ne8 10. Nf3 d6 11. a4 axb5 12. Bxb5 Nc7 13. O-O Nxb5 14. Nxb5 dxe5 15. Nxe5 Bxd5 16. Nc7 Qxc7 17. Qxd5 Na6 18. Be3 e6 19. Qe4 Rab8 20. Qc4 Qc8 21. Nd3 Rd8 22. Rf2 Rd5 23. a5 Qc6 24. Ne5 Bxe5 25. fxe5 Rxe5 26. Qc3 Re4 27. Qf6 Rxe3 28. Qxf7+ Kh8 29. Qf6+ Kg8 30. Qf7+ Kh8 1/2-1/2

[Event "Commonwealth Open 2019"]
[Site "Delhi"]
[Date "2019.07.02"]
[Round "4.5"]
[White "Krishna, C R G"]
[Black "Ajay Karthikeyan"]
[Result "1/2-1/2"]
[ECO "A48"]
[WhiteElo "2481"]
[BlackElo "2216"]
[Annotator "ChessBase"]
[PlyCount "61"]
[EventDate "2019.06.30"]
[EventType "swiss"]
[EventCountry "IND"]
[SourceTitle "playchess.com"]
[Source "ChessBase"]
[SourceQuality "1"]
[TimeControl "5400+30"]

1. d4 Nf6 2. Nf3 g6 3. b4 Bg7 4. Bb2 O-O 5. g3 b6 6. Bg2 Bb7 7. O-O d6 8. c4 Nbd7 9. Qc2 Re8 10. Rd1 c5 11. bxc5 bxc5 12. d5 Rb8 13. Nbd2 e6 14. dxe6 Rxe6 15. e3 h6 16. Rab1 Nb6 17. Bc3 Qe8 18. Ne1 Bc6 19. Rdc1 Ne4 20. Bxg7 Kxg7 21. Nd3 Nxd2 22. Bxc6 Qxc6 23. Qxd2 g5 24. Rb3 f6 25. Ne1 Rd8 26. Qe2 d5 27. cxd5 Rxd5 28. Nd3 Qd6 29. Nb2 Rd2 30. Qf3 Re7 31. Nc4 1/2-1/2

[Event "Commonwealth Open 2019"]
[Site "Delhi"]
[Date "2019.07.02"]
[Round "4.6"]
[White "Rathnakaran, K.."]
[Black "Kunte, Abhijit"]
[Result "1/2-1/2"]
[ECO "C77"]
[WhiteElo "2338"]
[BlackElo "2478"]
[Annotator "ChessBase"]
[PlyCount "60"]
[EventDate "2019.06.30"]
[EventType "swiss"]
[EventCountry "IND"]
[SourceTitle "playchess.com"]
[Source "ChessBase"]
[SourceQuality "1"]
[TimeControl "5400+30"]

1. e4 e5 2. Nf3 Nc6 3. Bb5 a6 4. Ba4 Nf6 5. Qe2 b5 6. Bb3 Be7 7. c3 d6 8. d3 O-O 9. Nbd2 Be6 10. Bxe6 fxe6 11. Nf1 Nh5 12. Ng5 Bxg5 13. Qxh5 Bxc1 14. Rxc1 Qe8 15. Qxe8 Raxe8 16. Ne3 Ne7 17. Ke2 c5 18. Rhf1 Nc6 19. g3 g5 20. Ng2 Rf6 21. h4 h6 22. hxg5 hxg5 23. Ne3 Kg7 24. Rh1 Rh6 25. Rxh6 Kxh6 26. Rh1+ Kg7 27. Rh5 Kg6 28. Rh1 Kg7 29. Rh5 Kg6 30. Rh1 Kg7 1/2-1/2

[Event "Commonwealth Open 2019"]
[Site "Delhi"]
[Date "2019.07.02"]
[Round "4.7"]
[White "Saravana, Krishnan P."]
[Black "Karthikeyan, P.."]
[Result "1-0"]
[ECO "B13"]
[WhiteElo "2290"]
[BlackElo "2445"]
[Annotator "NA"]
[PlyCount "109"]
[EventDate "2019.06.30"]
[EventType "swiss"]
[EventCountry "IND"]
[SourceTitle "playchess.com"]
[Source "ChessBase"]
[SourceQuality "1"]
[TimeControl "5400+30"]

1. e4 c6 2. d4 d5 3. exd5 cxd5 4. Bf4 Nc6 5. c3 Nf6 6. Nd2 a6 7. Be2 Bf5 8. Ngf3 e6 9. O-O Be7 10. Ne5 Nxe5 11. Bxe5 O-O 12. Qb3 Nd7 13. Bg3 Qb6 14. Rfe1 Rfc8 15. Bf3 Bg5 16. Nf1 Qc6 17. h4 Bh6 18. Be2 Kh8 19. Bh2 e5 20. dxe5 Nc5 21. Qd1 g6 22. g4 Be6 23. g5 Bf8 24. Bf3 Qb6 25. Re2 Rd8 26. Bf4 Ne4 27. Be3 Qc7 28. Nh2 Bg7 29. Bd4 Kg8 30. Bg4 Qe7 31. Kg2 h5 32. Bxe6 fxe6 33. Qd3 Kh7 34. b4 b6 35. f3 Nc5 36. bxc5 bxc5 37. Bf2 Rab8 38. Nf1 Rf8 39. Bg3 c4 40. Qc2 Qa3 41. Qc1 Qa4 42. Nd2 Rf7 43. f4 Rfb7 44. Nf3 Bf8 45. Nd4 Ba3 46. Qd1 Qa5 47. Be1 Rb6 48. Rc2 Kg7 49. f5 exf5 50. e6 Kh7 51. Bg3 Re8 52. Qf3 Rb2 53. Re1 Rxc2+ 54. Nxc2 Bb2 55. Nb4 1-0

[Event "Commonwealth Open 2019"]
[Site "Delhi"]
[Date "2019.07.02"]
[Round "4.8"]
[White "Laxman, R.R."]
[Black "Vaishali, R."]
[Result "1-0"]
[ECO "A43"]
[WhiteElo "2437"]
[BlackElo "2338"]
[Annotator "NA"]
[PlyCount "85"]
[EventDate "2019.06.30"]
[EventType "swiss"]
[EventCountry "IND"]
[SourceTitle "playchess.com"]
[Source "ChessBase"]
[SourceQuality "1"]
[TimeControl "5400+30"]

1. d4 Nf6 2. Nf3 c5 3. d5 g6 4. Nc3 Bg7 5. e4 d6 6. Bb5+ Bd7 7. a4 O-O 8. h3 Bxb5 9. axb5 Nbd7 10. O-O Nb6 11. Bf4 Ne8 12. Qd2 Nc7 13. Bh6 Qd7 14. Bxg7 Kxg7 15. Qd3 Rfe8 16. Rfd1 Red8 17. Nh2 e6 18. Ng4 h5 19. dxe6 Nxe6 20. Ne3 Nd4 21. Ra5 Re8 22. Rda1 Re5 23. f4 Ree8 24. f5 Qe7 25. Ned5 Nxd5 26. Nxd5 Qxe4 27. f6+ Kh7 28. Qxe4 Rxe4 29. Rxa7 Rxa7 30. Rxa7 Re1+ 31. Kf2 Re2+ 32. Kf1 Rxc2 33. Rxb7 Kg8 34. b6 Rxb2 35. Rb8+ Kh7 36. Rf8 c4 37. Rxf7+ Kh6 38. Rc7 Rb5 39. b7 Ne6 40. f7 Rb1+ 41. Kf2 Rb2+ 42. Kg1 Kg7 43. f8=Q+ 1-0

[Event "Commonwealth Open 2019"]
[Site "Delhi"]
[Date "2019.07.02"]
[Round "4.9"]
[White "Srihari L R"]
[Black "Narayanan.S.L"]
[Result "0-1"]
[ECO "D37"]
[WhiteElo "2200"]
[BlackElo "2603"]
[Annotator "ChessBase"]
[PlyCount "104"]
[EventDate "2019.06.30"]
[EventType "swiss"]
[EventCountry "IND"]
[SourceTitle "playchess.com"]
[Source "ChessBase"]
[SourceQuality "1"]
[TimeControl "5400+30"]

1. d4 Nf6 2. c4 e6 3. Nf3 d5 4. Nc3 dxc4 5. e3 a6 6. a4 b6 7. Bxc4 Bb7 8. O-O Bb4 9. Qe2 Nbd7 10. Rd1 O-O 11. Bd2 Qe7 12. Bd3 c5 13. Ne5 Rfd8 14. Rac1 Qd6 15. f4 cxd4 16. Nc4 Qe7 17. exd4 g6 18. Ne3 Nh5 19. Nc2 Bd6 20. Rf1 Ndf6 21. Ne4 Nxe4 22. Bxe4 Bxe4 23. Qxe4 Rac8 24. g3 Nf6 25. Qe2 Qb7 26. Ne3 b5 27. axb5 axb5 28. Rxc8 Rxc8 29. Rc1 Rd8 30. Ba5 Rd7 31. Be1 h5 32. Rd1 Bb8 33. Bf2 Ba7 34. Nc2 b4 35. b3 Nd5 36. Ra1 Rc7 37. Ne3 Bxd4 38. Nxd5 Qxd5 39. Rd1 Bxf2+ 40. Kxf2 Qxb3 41. Rd8+ Kh7 42. Rh8+ Kxh8 43. Qe5+ Kg8 44. Qxc7 Qb2+ 45. Kg1 b3 46. Qb8+ Kg7 47. Qb4 Qa1+ 48. Kg2 b2 49. Qd4+ Kh7 50. Qf6 b1=Q 51. Qxf7+ Qg7 52. Qxe6 Qgb7+ 0-1

[Event "Commonwealth Open 2019"]
[Site "Delhi"]
[Date "2019.07.02"]
[Round "4.10"]
[White "Mohota, Nisha"]
[Black "Lalith, Babu M R"]
[Result "0-1"]
[ECO "C50"]
[WhiteElo "2221"]
[BlackElo "2571"]
[Annotator "ChessBase"]
[PlyCount "112"]
[EventDate "2019.06.30"]
[EventType "swiss"]
[EventCountry "IND"]
[SourceTitle "playchess.com"]
[Source "ChessBase"]
[SourceQuality "1"]
[TimeControl "5400+30"]

1. e4 e5 2. Nf3 Nc6 3. Bc4 Bc5 4. O-O Nf6 5. d3 d6 6. c3 a6 7. a4 Ba7 8. h3 h6 9. Re1 g5 10. Be3 Bxe3 11. fxe3 g4 12. hxg4 Bxg4 13. Rf1 Qe7 14. Qe1 Rg8 15. Qh4 Rg6 16. Nh2 Be6 17. Bxe6 fxe6 18. Nd2 O-O-O 19. Rf2 Rdg8 20. Ndf1 Ng4 21. Qxe7 Nxf2 22. Qxe6+ Rxe6 23. Kxf2 Reg6 24. g3 Rf6+ 25. Nf3 Nd8 26. N1d2 Ne6 27. Kg2 Nc5 28. d4 exd4 29. cxd4 Nd7 30. Nh4 Rgf8 31. Nhf3 Re6 32. Rh1 Rfe8 33. b3 Nf6 34. Rxh6 Nxe4 35. Rxe6 Rxe6 36. Nxe4 Rxe4 37. Kf2 Kd7 38. Ne5+ Ke6 39. Kf3 Kd5 40. Ng6 Re8 41. Nf4+ Kc6 42. e4 Kd7 43. g4 Rg8 44. d5 Ke7 45. Ne6 Rh8 46. Nd4 Rh3+ 47. Kf4 Rd3 48. Nf5+ Kf7 49. g5 Rxb3 50. Nh4 b5 51. axb5 axb5 52. Kg4 b4 53. Kf5 Rh3 54. g6+ Kg7 55. Ng2 b3 56. Nf4 Rf3 0-1

[Event "Commonwealth Open 2019"]
[Site "Delhi"]
[Date "2019.07.02"]
[Round "4.11"]
[White "Deepan, Chakkravarthy J."]
[Black "Varshini, V."]
[Result "1-0"]
[ECO "E06"]
[WhiteElo "2557"]
[BlackElo "2087"]
[Annotator "ChessBase"]
[PlyCount "83"]
[EventDate "2019.06.30"]
[EventType "swiss"]
[EventCountry "IND"]
[SourceTitle "playchess.com"]
[Source "ChessBase"]
[SourceQuality "1"]
[TimeControl "5400+30"]

1. d4 d5 2. c4 e6 3. Nf3 Nf6 4. g3 Be7 5. Bg2 O-O 6. O-O dxc4 7. Qc2 a6 8. a4 Bd7 9. Qxc4 Bc6 10. Bg5 Nbd7 11. Nc3 h6 12. Bxf6 Nxf6 13. a5 Rc8 14. Rfd1 Bd5 15. Qd3 c5 16. e4 Bb3 17. Rdc1 cxd4 18. Qxd4 Bc5 19. Qxd8 Rfxd8 20. e5 Ne8 21. Ne1 Rc7 22. Ne4 Bb4 23. Rxc7 Nxc7 24. Nd6 f6 25. Nxb7 Rd2 26. Rc1 Nb5 27. h4 Nd4 28. Rc8+ Kh7 29. Nd3 Rd1+ 30. Kh2 Rxd3 31. Be4+ f5 32. Bxd3 Nf3+ 33. Kh1 Bd5 34. Bxa6 Be1 35. Kg2 Nd2+ 36. Kg1 g5 37. Be2 gxh4 38. gxh4 Ne4 39. Bc4 Bxf2+ 40. Kg2 Nd6+ 41. Bxd5 Nxc8 42. Bxe6 1-0

[Event "Commonwealth Open 2019"]
[Site "Delhi"]
[Date "2019.07.02"]
[Round "4.12"]
[White "Mahindrakar Indrajeet"]
[Black "Iniyan, P."]
[Result "1/2-1/2"]
[ECO "B22"]
[WhiteElo "2092"]
[BlackElo "2525"]
[Annotator "ChessBase"]
[PlyCount "112"]
[EventDate "2019.06.30"]
[EventType "swiss"]
[EventCountry "IND"]
[SourceTitle "playchess.com"]
[Source "ChessBase"]
[SourceQuality "1"]
[TimeControl "5400+30"]

1. e4 c5 2. c3 Nf6 3. e5 Nd5 4. d4 cxd4 5. Qxd4 e6 6. Bd3 Nc6 7. Qe4 d6 8. Nf3 dxe5 9. Nxe5 Nxc3 10. Nxc3 Nxe5 11. Bb5+ Nc6 12. Bg5 f6 13. Rd1 Bd7 14. Bf4 g5 15. Be2 Bc5 16. Bh5+ Kf8 17. Bxg5 fxg5 18. Qf3+ Kg7 19. Qf7+ Kh6 20. h4 Bxf2+ 21. Kxf2 g4 22. Rxd7 Rf8 23. Rxd8 Raxd8 24. Ke3 Rxf7 25. Bxf7 Rf8 26. Bxe6 Re8 27. Kf4 Rxe6 28. Kxg4 Rg6+ 29. Kh3 Ne5 30. Rf1 Nd3 31. Rf7 Rb6 32. b3 Kg6 33. Rf3 Ne5 34. Re3 Nd7 35. g4 Rd6 36. Ne4 Re6 37. Kg3 h5 38. gxh5+ Kxh5 39. Rd3 Rxe4 40. Rxd7 Rg4+ 41. Kf3 Rb4 42. Rh7+ Kg6 43. Re7 Rb6 44. Kf4 Ra6 45. Rxb7 Rxa2 46. Rb4 Ra3 47. Kg4 Kh6 48. Rb5 Ra1 49. b4 Ra4 50. Kf5 Kh5 51. Ke6+ Kxh4 52. Kd6 Kg4 53. Kc5 Kf5 54. Kc6+ Ke6 55. Rb8 Ra6+ 56. Kc7 Ke5 1/2-1/2

[Event "Commonwealth Open 2019"]
[Site "Delhi"]
[Date "2019.07.02"]
[Round "4.14"]
[White "Divya, Deshmukh"]
[Black "Kiran, Manisha Mohanty"]
[Result "1-0"]
[ECO "B63"]
[WhiteElo "2414"]
[BlackElo "2054"]
[Annotator "NA"]
[PlyCount "65"]
[EventDate "2019.06.30"]
[EventType "swiss"]
[EventCountry "IND"]
[SourceTitle "playchess.com"]
[Source "ChessBase"]
[SourceQuality "1"]
[TimeControl "5400+30"]

1. e4 c5 2. Nf3 d6 3. d4 cxd4 4. Nxd4 Nf6 5. Nc3 Nc6 6. Bg5 e6 7. Qd2 Be7 8. O-O-O Nxd4 9. Qxd4 O-O 10. h4 Qa5 11. Kb1 b5 12. e5 dxe5 13. Qxe5 Qb6 14. Ne4 Nxe4 15. Bxe7 Bb7 16. Bxf8 Rxf8 17. f3 Nf2 18. Bxb5 Nxd1 19. Rxd1 Qf2 20. Qc7 Ba8 21. a4 h5 22. Rd8 g6 23. Rxf8+ Kxf8 24. Qd8+ Kg7 25. Qxa8 Qxg2 26. Qe4 f5 27. Qxe6 Qh1+ 28. Ka2 Qxh4 29. c4 Qf4 30. c5 h4 31. c6 h3 32. Qe7+ Kh6 33. c7 1-0

[Event "Commonwealth Open 2019"]
[Site "Delhi"]
[Date "2019.07.02"]
[Round "4.15"]
[White "Priyanka, K."]
[Black "Thipsay, Praveen M"]
[Result "0-1"]
[ECO "C77"]
[WhiteElo "2053"]
[BlackElo "2405"]
[Annotator "ChessBase"]
[PlyCount "100"]
[EventDate "2019.06.30"]
[EventType "swiss"]
[EventCountry "IND"]
[SourceTitle "playchess.com"]
[Source "ChessBase"]
[SourceQuality "1"]
[TimeControl "5400+30"]

1. e4 e5 2. Nf3 Nc6 3. Bb5 a6 4. Ba4 Nf6 5. d3 b5 6. Bb3 Be7 7. Nc3 d6 8. a3 O-O 9. Nd5 Be6 10. c3 Qd7 11. Bg5 Kh8 12. Bxf6 Bxf6 13. Nxf6 gxf6 14. Nh4 Ne7 15. Bc2 f5 16. exf5 Nxf5 17. Nxf5 Bxf5 18. Qf3 f6 19. h3 d5 20. g4 Bg6 21. h4 f5 22. gxf5 Rxf5 23. Qh3 d4 24. Bd1 dxc3 25. bxc3 Qc6 26. Rc1 Rf4 27. Rg1 Rd8 28. Be2 Qc5 29. Qg3 Qxa3 30. Qe3 Qd6 31. h5 Bf7 32. Rg5 Re8 33. Ra1 Qf6 34. Rg3 e4 35. Rxa6 Qxc3+ 36. Kf1 Rf6 37. Rxf6 Qxf6 38. dxe4 c6 39. f4 Qa1+ 40. Kf2 Bd5 41. e5 Qh1 42. e6 Qa1 43. f5 Qf6 44. Qg5 Qd4+ 45. Qe3 Qf6 46. Qg5 Qd4+ 47. Re3 Rg8 48. Qh6 Qh4+ 49. Kf1 Qh1+ 50. Kf2 Qg1# {[%emt 0:00:07] Rg3} 0-1

[Event "Commonwealth Open 2019"]
[Site "Delhi"]
[Date "2019.07.02"]
[Round "4.16"]
[White "Sri Sai Baswanth P"]
[Black "Nitin, S.."]
[Result "0-1"]
[ECO "A43"]
[WhiteElo "2045"]
[BlackElo "2398"]
[Annotator "NA"]
[PlyCount "80"]
[EventDate "2019.06.30"]
[EventType "swiss"]
[EventCountry "IND"]
[SourceTitle "playchess.com"]
[Source "ChessBase"]
[SourceQuality "1"]
[TimeControl "5400+30"]

1. d4 c5 2. d5 d6 3. e4 Nf6 4. Nc3 g6 5. Nf3 Bg7 6. Be2 O-O 7. O-O e6 8. a4 exd5 9. exd5 Na6 10. h3 Nb4 11. Bg5 Bf5 12. Rc1 h6 13. Bf4 g5 14. Bh2 a6 15. Nd2 Nfxd5 16. Nxd5 Nxd5 17. Nc4 Nf4 18. Bxf4 gxf4 19. Nxd6 Bg6 20. Bf3 Qc7 21. Nxb7 Bxb2 22. Rb1 Bd4 23. Qd2 Qe5 24. Rfe1 Qf6 25. Re2 Rae8 26. a5 Bc3 27. Qd5 Rxe2 28. Bxe2 Re8 29. Rb6 Qg5 30. Qxg5 hxg5 31. Kf1 Bxc2 32. g3 fxg3 33. fxg3 Re3 34. Nxc5 Rxg3 35. Nxa6 Bxa5 36. Rb5 Bd2 37. Rb8+ Kg7 38. Nc7 Be3 39. Bc4 Bd1 40. Rb7 Rg1# 0-1

[Event "Commonwealth Open 2019"]
[Site "Delhi"]
[Date "2019.07.02"]
[Round "4.17"]
[White "Kulkarni, Bhakti"]
[Black "Panesar Vedant"]
[Result "1-0"]
[ECO "D71"]
[WhiteElo "2380"]
[BlackElo "2092"]
[Annotator "NA"]
[PlyCount "66"]
[EventDate "2019.06.30"]
[EventType "swiss"]
[EventCountry "IND"]
[SourceTitle "playchess.com"]
[Source "ChessBase"]
[SourceQuality "1"]
[TimeControl "5400+30"]

1. d4 Nf6 2. c4 g6 3. g3 Bg7 4. Bg2 O-O 5. Nf3 c5 6. d5 b5 7. O-O d6 8. cxb5 a6 9. b6 Nbd7 10. Nc3 Nxb6 11. Re1 a5 12. h3 Ba6 13. e4 Nfd7 14. Qc2 Rb8 15. Bf1 Bxf1 16. Rxf1 Qc7 17. Bg5 Nc4 18. b3 Na3 19. Qd2 c4 20. Rac1 Nc5 21. bxc4 Nxc4 22. Qe2 Rb4 23. Nb5 Rxb5 24. Rxc4 Rb2 25. Qe3 Rxa2 26. Bh6 Ra4 27. Rxa4 Nxa4 28. Bxg7 Kxg7 29. Qd4+ Kg8 30. Qxa4 e6 31. Nd4 Qc8 32. Qxa5 e5 33. Qc5 Kh8 1-0

[Event "Commonwealth Open 2019"]
[Site "Delhi"]
[Date "2019.07.02"]
[Round "4.18"]
[White "Navalgund, Niranjan"]
[Black "Bommini, Mounika Akshaya"]
[Result "1-0"]
[ECO "A61"]
[WhiteElo "2326"]
[BlackElo "2063"]
[Annotator "NA"]
[PlyCount "87"]
[EventDate "2019.06.30"]
[EventType "swiss"]
[EventCountry "IND"]
[SourceTitle "playchess.com"]
[Source "ChessBase"]
[SourceQuality "1"]
[TimeControl "5400+30"]

1. d4 Nf6 2. c4 c5 3. d5 e6 4. Nc3 exd5 5. cxd5 d6 6. Nf3 g6 7. Bf4 a6 8. a4 Bg7 9. h3 O-O 10. e3 Ne8 11. Be2 Nd7 12. O-O Ne5 13. Nd2 b6 14. Bh2 f5 15. Ra3 Rb8 16. Rb3 Nc7 17. f4 Nd7 18. e4 fxe4 19. Ndxe4 Nf6 20. f5 Nxe4 21. Nxe4 Bxf5 22. Nxd6 Bd7 23. Rxf8+ Bxf8 24. Ne4 Bg7 25. d6 Ne6 26. Qd5 Kh8 27. Be5 Qg8 28. Nf6 Bxf6 29. Bxf6+ Ng7 30. Qxg8+ Kxg8 31. Bxa6 Nf5 32. Bc4+ Kf8 33. Rd3 Nd4 34. Bxd4 cxd4 35. b3 b5 36. axb5 Bxb5 37. Rxd4 Bxc4 38. bxc4 Ke8 39. d7+ Kd8 40. c5 Kc7 41. c6 Rd8 42. Rc4 Rf8 43. Kh2 h6 44. Re4 1-0

[Event "Commonwealth Open 2019"]
[Site "Delhi"]
[Date "2019.07.02"]
[Round "4.19"]
[White "Sa, Kannan"]
[Black "Sangma, Rahul"]
[Result "1/2-1/2"]
[ECO "A46"]
[WhiteElo "1947"]
[BlackElo "2298"]
[Annotator "NA"]
[PlyCount "38"]
[EventDate "2019.06.30"]
[EventType "swiss"]
[EventCountry "IND"]
[SourceTitle "playchess.com"]
[Source "ChessBase"]
[SourceQuality "1"]
[TimeControl "5400+30"]

1. d4 Nf6 2. Nf3 e6 3. e3 b6 4. Nbd2 Bb7 5. Bd3 c5 6. c3 d5 7. Ne5 Nbd7 8. f4 g6 9. O-O Bg7 10. Qf3 O-O 11. b3 Ne8 12. Qh3 Nd6 13. Ndf3 Ne4 14. Bxe4 dxe4 15. Ng5 Nf6 16. Ng4 Nh5 17. Nf2 Nf6 18. Ng4 Nh5 19. Nf2 Nf6 1/2-1/2

[Event "Commonwealth Open 2019"]
[Site "Delhi"]
[Date "2019.07.02"]
[Round "4.20"]
[White "Muhammed, Shuaau"]
[Black "Wagh, Suyog"]
[Result "0-1"]
[ECO "C50"]
[WhiteElo "1868"]
[BlackElo "2250"]
[Annotator "NA"]
[PlyCount "70"]
[EventDate "2019.06.30"]
[EventType "swiss"]
[EventCountry "IND"]
[SourceTitle "playchess.com"]
[Source "ChessBase"]
[SourceQuality "1"]
[TimeControl "5400+30"]

1. e4 e5 2. Nf3 Nc6 3. Bc4 Bc5 4. d3 Nf6 5. O-O d6 6. c3 O-O 7. b4 Bb6 8. h3 Ne7 9. Re1 Ng6 10. Nbd2 c6 11. Bb3 d5 12. c4 Re8 13. c5 Bc7 14. a3 h6 15. Nf1 Be6 16. Qc2 Nh5 17. Bb2 Nhf4 18. d4 dxe4 19. Nxe5 Bxb3 20. Qxb3 Nxe5 21. dxe5 Bxe5 22. Rxe4 Qg5 23. Ng3 Bxb2 24. Rxe8+ Rxe8 25. Qxb2 h5 26. h4 Qd5 27. f3 Re6 28. Ne4 f5 29. Ng3 Rg6 30. Qc1 Qd4+ 31. Kh2 Rxg3 32. Ra2 Rg6 33. Rd2 Qe5 34. g3 Nd5 35. f4 Qe3 0-1

[Event "Commonwealth Open 2019"]
[Site "Delhi"]
[Date "2019.07.02"]
[Round "4.21"]
[White "Bhambure, Shantanu"]
[Black "Saypuri, Srithan"]
[Result "1-0"]
[ECO "A96"]
[WhiteElo "2248"]
[BlackElo "1816"]
[Annotator "NA"]
[PlyCount "63"]
[EventDate "2019.06.30"]
[EventType "swiss"]
[EventCountry "IND"]
[SourceTitle "playchess.com"]
[Source "ChessBase"]
[SourceQuality "1"]
[TimeControl "5400+30"]

1. d4 f5 2. g3 Nf6 3. Bg2 e6 4. Nf3 Be7 5. O-O O-O 6. c4 d6 7. Nc3 a5 8. Qc2 Nc6 9. a3 e5 10. d5 Nb8 11. Ng5 Na6 12. Ne6 Bxe6 13. dxe6 c6 14. Qxf5 Nc5 15. Be3 Nd5 16. Qxf8+ Qxf8 17. cxd5 Nb3 18. Rad1 c5 19. f4 exf4 20. Rxf4 Qe8 21. Rf7 b5 22. Ne4 b4 23. Nxc5 Nxc5 24. Bxc5 dxc5 25. d6 Qa4 26. Rdf1 Bxd6 27. Bxa8 bxa3 28. bxa3 Qe8 29. Bd5 Be7 30. Rb1 c4 31. Rxe7 Qxe7 32. Rb8+ 1-0

[Event "Commonwealth Open 2019"]
[Site "Delhi"]
[Date "2019.07.02"]
[Round "4.22"]
[White "Oatlhotse, Providence"]
[Black "Kumar, Gaurav"]
[Result "0-1"]
[ECO "A20"]
[WhiteElo "2244"]
[BlackElo "2110"]
[Annotator "NA"]
[PlyCount "63"]
[EventDate "2019.06.30"]
[EventType "swiss"]
[EventCountry "IND"]
[SourceTitle "playchess.com"]
[Source "ChessBase"]
[SourceQuality "1"]
[TimeControl "5400+30"]

1. c4 e5 2. g3 c6 3. Nf3 e4 4. Nd4 d5 5. cxd5 Qxd5 6. e3 Nf6 7. Nc3 Qe5 8. Bg2 Bc5 9. f4 Qe7 10. Nb3 Bb6 11. Qc2 Bf5 12. h3 h5 13. Ne2 O-O 14. Nbd4 Bd7 15. b3 Na6 16. Qb1 Nb4 17. Ba3 a5 18. O-O c5 19. Nc2 Bb5 20. Re1 Bd3 21. Bxb4 axb4 22. Qb2 Rfd8 23. Nc1 Bb5 24. Rd1 Rd7 25. Kh2 Rad8 26. Ne1 Nd5 27. Nc2 Nc3 28. dxc3 Rd5 29. Rd2 Rxd2 30. c4 Rd1 31. Ne2 Bc6 32. Qf6 0-1

[Event "Commonwealth Open 2019"]
[Site "Delhi"]
[Date "2019.07.03"]
[Round "5.1"]
[White "Laxman, R.R."]
[Black "Gupta, Abhijeet"]
[Result "1/2-1/2"]
[ECO "A49"]
[WhiteElo "2437"]
[BlackElo "2606"]
[Annotator "ChessBase"]
[PlyCount "97"]
[EventDate "2019.06.30"]
[EventType "swiss"]
[EventCountry "IND"]
[SourceTitle "playchess.com"]
[Source "ChessBase"]
[SourceQuality "1"]
[TimeControl "5400+30"]

1. Nf3 Nf6 2. d4 g6 3. g3 Bg7 4. Bg2 O-O 5. O-O d6 6. Re1 Nbd7 7. e4 e5 8. Nc3 c6 9. h3 Re8 10. a4 Qc7 11. Be3 b6 12. dxe5 dxe5 13. Nd2 Ba6 14. Bf1 Bxf1 15. Kxf1 a6 16. Kg2 b5 17. Qf3 Nf8 18. Nb3 Ne6 19. Red1 b4 20. Ne2 c5 21. Nd2 Nd4 22. Bxd4 cxd4 23. c3 bxc3 24. bxc3 Rad8 25. cxd4 exd4 26. Nf4 Bh6 27. Nxg6 hxg6 28. Qxf6 Qc2 29. Qxa6 d3 30. Nf3 d2 31. e5 Qe4 32. Rab1 Rd3 33. Qb7 Qe2 34. Qc6 Rf8 35. Qf6 Qe4 36. h4 Rc3 37. Rb2 Rc2 38. Qb6 Rxb2 39. Qxb2 Rd8 40. Qb6 Rc8 41. h5 Qc2 42. e6 Qxd1 43. exf7+ Kh8 44. Qd4+ Bg7 45. Qd7 Qc1 46. hxg6 d1=Q 47. Qe8+ Bf8 48. Qe5+ Bg7 49. Qe8+ 1/2-1/2

[Event "Commonwealth Open 2019"]
[Site "Delhi"]
[Date "2019.07.03"]
[Round "5.2"]
[White "Debashis, Das"]
[Black "Saravana, Krishnan P."]
[Result "1-0"]
[ECO "D45"]
[WhiteElo "2544"]
[BlackElo "2290"]
[Annotator "ChessBase"]
[PlyCount "119"]
[EventDate "2019.06.30"]
[EventType "swiss"]
[EventCountry "IND"]
[SourceTitle "playchess.com"]
[Source "ChessBase"]
[SourceQuality "1"]
[TimeControl "5400+30"]

1. Nf3 d5 2. c4 e6 3. d4 Nf6 4. Nc3 c6 5. e3 Nbd7 6. Qc2 Bd6 7. Be2 O-O 8. O-O dxc4 9. Bxc4 e5 10. h3 Qe7 11. Bd2 e4 12. Ng5 Nb6 13. Bb3 Bf5 14. f3 Rae8 15. fxe4 Bg6 16. Qd1 h6 17. e5 hxg5 18. exf6 gxf6 19. Qf3 Nd7 20. Rae1 Bc7 21. g4 Qd6 22. Qg2 a6 23. Bc1 Kg7 24. Rf3 Kg8 25. Rff1 Kg7 26. Rf3 Re7 27. Ne2 c5 28. Rd1 Qc6 29. d5 Qd6 30. Rdf1 b5 31. Ng3 c4 32. Bc2 Qxd5 33. Nf5+ Bxf5 34. Rxf5 Qxg2+ 35. Kxg2 Rfe8 36. h4 gxh4 37. g5 Re6 38. Kh3 Bd8 39. Bd2 Rg8 40. Rd5 Ne5 41. Bc3 Rge8 42. Bf5 Rb6 43. Bd4 Rb8 44. gxf6+ Bxf6 45. Rd6 Bg5 46. Rxa6 f6 47. Ra7+ Nf7 48. Rg1 Kf8 49. Bg6 Ne5 50. Bxe8 Rxe8 51. Rf1 Kg8 52. Rb7 Nf7 53. Rxb5 Re4 54. a4 Bxe3 55. Bxe3 Rxe3+ 56. Kxh4 Kg7 57. a5 Kg6 58. a6 Ng5 59. a7 Re8 60. Rb8 1-0